Map: Submarine LE

Players

Massa - Winner!

  • Race: Terran Terran
  • League: Platinum
  • Spawn Location: 11:00

Matmouth

  • Race: Zerg Zerg
  • League: Diamond
  • Spawn Location: 5:00

VOD

Have the link to the VOD?

Description

Time

  • Played on: Feb. 20, 2021, 12:14 p.m.
  • Length: 11:51
Show
View Real Time Build Order
Export as new Build Order

Massa Terran - Winner!

Build Orders: Hellion Banshee 

Get SALT Encoding   

  12  0:03  SCV  
  13  0:15  Supply Depot  
  13  0:18  SCV  
  14  0:30  SCV  
  15  0:38  Barracks  
  15  0:45  Refinery  
  15  0:46  SCV  
  16  0:58  SCV  
  17  1:10  SCV  
  19  1:26  Orbital Command  
  19  1:39  Command Center  
  18  1:41  Marine  
  19  1:53  Supply Depot  
  19  2:04  Factory  
  19  2:07  Barracks Reactor  
  19  2:20  SCV  
  20  2:32  SCV  
  21  2:44  SCV  
  21  2:53  Orbital Command  
  21  2:54  Hellion  
  21  2:55  Hellion  
  21  2:56  Supply Depot  
  25  2:58  SCV  
  26  3:07  Starport  
  26  3:15  SCV  
  26  3:16  Hellion x2  
  31  3:21  SCV  
  31  3:24  Barracks Tech Lab  
  32  3:27  SCV  
  32  3:33  SCV  
  34  3:37  Hellion  
  34  3:38  Hellion  
  34  3:39  SCV  
  39  3:42  Supply Depot  
  39  3:45  SCV  
  39  3:46  Starport Tech Lab  
  40  3:53  SCV  
  41  3:56  Refinery  
  41  3:57  SCV  
  42  4:13  Barracks  
  42  4:19  Factory Tech Lab  
  42  4:34  Cloaking Field  
  42  4:35  Banshee  
  45  4:40  Refinery  
  45  4:41  Engineering Bay  
  45  4:47  Widow Mine, Command Center, Supply Depot  
  41  5:04  Marine x2  
  37  5:08  Siege Tank  
  37  5:12  Supply Depot  
  40  5:20  Marauder  
  42  5:22  Marine x2, SCV x2  
  46  5:34  SCV x2  
  46  5:35  Banshee  
  51  5:46  SCV  
  51  5:47  Widow Mine, SCV  
  51  5:49  Terran Infantry Weapons Level 1  
  55  5:55  Refinery  
  55  5:58  SCV  
  55  5:59  SCV  
  55  6:01  Missile Turret  
  57  6:05  Missile Turret  
  57  6:08  SCV  
  57  6:10  SCV  
  57  6:11  SCV  
  60  6:18  Medivac  
  62  6:20  SCV  
  60  6:33  Supply Depot  
  60  6:34  Marine x2  
  60  6:37  Marine  
  63  6:52  Marine x2  
  65  6:55  Marine  
  66  7:03  SCV x3  
  67  7:15  SCV  
  67  7:21  Medivac  
  67  7:22  Siege Tank  
  69  7:26  Barracks Tech Lab, Marine x2  
  71  7:36  Barracks  
  71  7:42  Barracks  
  71  7:43  Barracks  
  71  7:44  Marine x2, Barracks  
  71  7:46  Armory  
  71  7:50  Stimpack  
  73  7:54  Planetary Fortress  
  73  7:59  Siege Tank  
  73  8:02  Marine  
  77  8:10  Marine, Marauder  
  80  8:18  Terran Infantry Armor Level 1  
  80  8:19  Marine, SCV x2  
  83  8:28  Marine  
  83  8:31  Marauder, Siege Tank, SCV x2  
  90  8:43  SCV  
  82  9:12  SCV x3  
  82  9:13  Sensor Tower  
  85  9:18  Supply Depot  
  85  9:19  Supply Depot  
  85  9:21  Supply Depot  
  85  9:24  SCV x3  
  87  9:27  Medivac  
  87  9:28  Barracks Reactor, Barracks Tech Lab, Marauder  
  87  9:29  Barracks Reactor, Barracks Tech Lab, Marine  
  93  9:40  Marine, Combat Shield, SCV x3  
  93  9:42  Refinery  
  97  9:45  Supply Depot  
  97  9:46  Supply Depot  
  97  9:47  Marine, Supply Depot  
  97  9:48  Supply Depot  
  97  9:49  Marauder  
  97  9:57  Marine  
  98  10:08  Marine x5, Marauder x2  
  98  10:11  Marauder  
  109  10:15  Marine, Siege Tank  
  113  10:25  Medivac  
  113  10:26  Marine x5  
  120  10:29  Marauder x2  
  120  10:32  Marauder  
  120  10:33  Marine  
  127  10:47  Siege Tank  
  130  10:54  Marine x2, Marauder x3  
  130  10:55  Medivac, Marine x3  
  131  11:15  Marine, Marauder  
  131  11:16  Marine x5, Marauder x2  
  143  11:19  Siege Tank  
  148  11:33  Marine  
Show
View Real Time Build Order
Export as new Build Order

Matmouth Zerg 

Build Orders: Hatch First 

Get SALT Encoding   

  12  0:00  Drone  
  13  0:12  Overlord  
  13  0:19  Drone  
  14  0:31  Drone x2  
  16  0:49  Hatchery  
  15  0:52  Drone  
  15  0:55  Drone  
  17  0:59  Drone  
  18  1:09  Extractor  
  17  1:14  Spawning Pool  
  17  1:18  Drone  
  17  1:21  Drone  
  18  1:27  Drone  
  19  1:38  Drone  
  20  1:49  Overlord  
  20  2:01  Queen x2  
  20  2:03  Zergling x4  
  26  2:13  Drone x2  
  28  2:25  Overlord  
  28  2:30  Drone  
  28  2:32  Drone  
  28  2:35  Drone  
  28  2:36  Metabolic Boost  
  31  2:44  Queen  
  31  2:45  Drone x2  
  35  2:59  Drone x2  
  35  3:00  Queen  
  35  3:05  Overlord  
  39  3:18  Hatchery  
  38  3:25  Drone x3  
  38  3:26  Drone  
  42  3:32  Drone x2  
  42  3:33  Drone  
  45  3:34  Drone  
  46  3:51  Drone x3  
  49  3:56  Zergling x6  
  49  3:59  Overlord x2  
  49  4:30  Zergling x20  
  56  4:40  Zergling x2  
  57  4:47  Baneling Nest  
  57  4:48  Zergling x4  
  55  5:06  Zergling x14  
  60  5:16  Drone  
  60  5:20  Drone x4  
  65  5:33  Baneling x8  
  65  5:34  Baneling x10  
  65  5:35  Zergling x8  
  69  5:41  Drone  
  69  5:42  Extractor  
  69  5:44  Queen  
  71  5:59  Lair  
  71  6:02  Drone, Extractor  
  71  6:03  Drone x2  
  73  6:05  Drone  
  73  6:07  Overlord x5  
  58  6:25  Zergling x24  
  65  6:36  Drone x2  
  67  6:48  Spore Crawler  
  67  6:52  Spore Crawler  
  62  6:56  Spore Crawler  
  52  7:13  Spore Crawler  
  48  7:17  Spore Crawler  
  48  7:19  Spore Crawler  
  48  7:21  Drone  
  48  7:22  Drone x20  
  67  7:40  Extractor  
  66  7:45  Evolution Chamber x2, Drone x10  
  74  7:55  Hydralisk Den  
  73  7:59  Spore Crawler  
  73  8:00  Spine Crawler  
  71  8:11  Overseer  
  71  8:12  Spore Crawler, Overseer  
  71  8:14  Baneling x7  
  71  8:15  Baneling x17  
  70  8:25  Zerg Melee Weapons Level 1  
  70  8:27  Centrifical Hooks  
  70  8:40  Zergling x4  
  70  8:41  Zergling x30  
  78  8:49  Pneumatized Carapace  
  78  8:51  Zergling x6  
  81  8:58  Spawning Pool  
  74  9:09  Drone x6  
  80  9:23  Hydralisk x4  
  88  9:31  Drone  
  88  9:32  Drone x2  
  88  9:34  Extractor  
  88  9:36  Extractor  
  80  9:50  Hatchery  
  65  9:59  Queen  
  62  10:02  Drone x3  
  59  10:08  Zergling x2  
  59  10:09  Zergling x20  
  70  10:25  Zergling x2  
  70  10:26  Zergling x8  
  70  10:28  Baneling x10  
  73  10:31  Baneling x9  
  73  10:32  Zergling x2  
  65  10:54  Zergling x12  
  65  10:55  Zergling x8  
  65  11:01  Hatchery  
  65  11:03  Drone  
  65  11:09  Zergling x6  
  68  11:16  Zergling x6  
  68  11:18  Baneling x3  
  71  11:19  Baneling  
  71  11:28  Baneling  
  71  11:29  Baneling x5  
Tags
 
Composition
Hellion Banshee
Matchup
TvZ
Replay Pack
Multiplayer
Spawn Locations
Cross Positions
Add a new tag
Caveats
  • Supply blocks, unpowered buildings, or Contaminate may cause inaccurate times.
  • Supply counts are checked every 10 seconds.